 Dungeon Crawl Stone Soup version 0.21.0 (webtiles) character file.

3357 AgrsvlyMoist the Destroyer (level 10, -7/50 HPs)
             Began as a Gargoyle Earth Elementalist on July 24, 2018.
             Was a Believer of Vehumet.
             Mangled by Gastronok (31 damage)
             ... on level 1 of the Lair of Beasts.
             The game lasted 01:07:07 (10142 turns).

AgrsvlyMoist the Destroyer (GrEE)                  Turns: 10142, Time: 01:07:08

Health: -7/50      AC: 12    Str: 13    XL:     10   Next: 3%
Magic:  1/15       EV: 14    Int: 18    God:    Vehumet [**....]
Gold:   529        SH:  0    Dex: 10    Spells: 6/16 levels left

rFire    . . .     SeeInvis .   H - +4 scimitar
rCold    . . .     Gourm    .   (no shield)
rNeg     + + .     Faith    .   f - +0 robe {MR+}
rPois    ∞         Spirit   .   u - +0 helmet
rElec    +         Reflect  .   x - +0 cloak
rCorr    .         Harm     .   o - +0 pair of gloves
MR       +....                  (no boots)
Stlth    +++.......             (no amulet)
HPRegen  0.16/turn              g - ring of positive energy
MPRegen  0.14/turn              (no ring)

@: slowed, very slow
A: negative energy resistance 1, electricity resistance, unbreathing,
petrification resistance, rot immunity, AC +7
a: Renounce Religion


You were on level 1 of the Lair of Beasts.
You worshipped Vehumet.
Vehumet was pleased with you.
You were not hungry.

You visited 3 branches of the dungeon, and saw 10 of its levels.
You also visited: Ossuary.

You collected 529 gold pieces.

Inventory:

Hand Weapons
 w - a +4 quarterstaff of chaos
 z - a +1 falchion of slicing
 H - a +4 scimitar (weapon)
Missiles
 b - 35 stones (quivered)
Armour
 f - a +0 robe of magic resistance (worn)
 o - a +0 pair of gloves (worn)
 u - a +0 helmet (worn)
 x - a +0 cloak (worn)
Jewellery
 g - a ring of positive energy (left hand)
Wands
 i - a wand of flame (48)
 k - a wand of paralysis (12)
 E - a wand of iceblast (6)
 F - a wand of clouds (4)
Scrolls
 a - a scroll of magic mapping
 j - 7 scrolls of teleportation
 l - 5 scrolls of remove curse
 p - 3 scrolls of identify
 t - a scroll of enchant weapon
 y - 2 scrolls of fog
 B - a scroll of noise
 C - a scroll of fear
Potions
 c - a potion of curing
 h - a potion of agility
 m - 2 potions of lignification
 q - 3 potions of brilliance
 r - 2 potions of mutation
 s - a potion of heal wounds
 v - 3 potions of degeneration
 D - a potion of cancellation {unknown}
Books
 e - a book of Geomancy

   Spells                             Type                      Level
   a - Sandblast                      Earth                        1
   b - Passwall                       Transmutation/Earth          2
   c - Stone Arrow                    Conjuration/Earth            3
   d - Petrify                        Transmutation/Earth          4
   e - Lee's Rapid Deconstruction     Earth                        5
 n - a book of Misfortune

   Spells                             Type                      Level
   a - Confusing Touch                Hexes                        1
   b - Confuse                        Hexes                        3
   c - Gell's Gravitas                Translocation                3
   d - Petrify                        Transmutation/Earth          4
   e - Metabolic Englaciation         Hexes/Ice                    5
   f - Yara's Violent Unravelling     Hexes/Transmutation          5
Comestibles
 d - 12 rations


   Skills:
 + Level 5.7 Dodging
 + Level 5.3 Stealth
 - Level 3.5 Spellcasting
 * Level 10.2 Conjurations
 - Level 0.7 Transmutations
 - Level 7.5 Earth Magic


You had 6 spell levels left.
You knew the following spells:

 Your Spells              Type           Power        Failure   Level  Hunger
a - Sandblast             Erth           ####..       1%          1    None
b - Stone Arrow           Conj/Erth      #####.       1%          3    ###....
c - Shock                 Conj/Air       ###.         1%          1    None
d - Conjure Flame         Conj/Fire      ###.....     5%          3    ###....
e - Passwall              Tmut/Erth      ###.......   4%          2    ##.....


Dungeon Overview and Level Annotations

Branches:
Dungeon (8/15)             Temple (1/1) D:5            Lair (1/6) D:8

Altars:
Ashenzari
Cheibriados
Dithmenos
Elyvilon
Gozag
Kikubaaqudgha
Makhleb
Okawaru
Qazlal
Ru
Sif Muna
Trog
Uskayaw
Vehumet
Wu Jian
Yredelemnul
Zin
The Shining One

Annotations:
D:5 AgrsvlyMoist's ghost, amateur DrCj
Lair:1 Gastronok


Innate Abilities, Weirdness & Mutations

You are resistant to torment.
Your stone body is resilient. (AC +7)
You are immune to poison.
You resist negative energy. (rN+)
You are resistant to electric shocks. (rElec)
You can survive without breathing.
You are immune to petrification.
You are immune to rotting.


Message History

You hit Gastronok.
Gastronok is heavily wounded.
Gastronok bites you!
* * * LOW HITPOINT WARNING * * *
You feel much better.
Gastronok gurgles.
Gastronok bites you but does no damage.
Okay, then.
Aiming: Paralyse
Press: ? - help, Shift-Dir - straight line, f/p - Gastronok
Aim: Gastronok, wearing a hat (heavily wounded, covering ground quickly, chance to defeat MR: 6%) Gastronok resists with almost no effort.
You feel less wooden.
Your +0 cloak unmelds from your body.
Your +0 helmet unmelds from your body.
Your +0 pair of gloves unmelds from your body.
Your +0 robe of magic resistance unmelds from your body.
You feel resistant to hostile enchantments.
Gastronok bites you!!
Ouch! That really hurt!
You die...

.. #.. #.. #..# #
##... #######.#
#....####..<....#
#P......w@...#.#
##....########
#..### #.. #..
#.. #. (


You could see Gastronok.

Vanquished Creatures
  A hornet (D:8)
  Grinder (D:4)
  Sigmund (D:2)
  A hungry ghost (D:7)
  Edmund (D:6)
  A water moccasin (D:5)
  A sky beast (D:7)
  2 ogres
  A phantom (D:4)
  The ghost of AgrsvlyMoist the Conjurer, an amateur DrCj (D:3)
  2 centaurs
  A wyvern zombie (D:7)
  A bullfrog (D:8)
  7 killer bees (D:8)
  6 wights
  2 vampire bats (D:6)
  A howler monkey (D:6)
  A crimson imp (D:6)
  A bullfrog zombie (D:8)
  A centaur zombie (D:8)
  A hound (D:5)
  Crazy Yiuf (D:4)
  An orc priest (D:8)
  2 bullfrog skeletons
  4 jellies
  5 orc wizards
  A centaur skeleton (D:8)
  Terence (D:1)
  An iguana (D:8)
  5 worker ants
  A killer bee zombie (D:6)
  A hound zombie (D:5)
  8 mummies (Ossuary)
  Robin (D:3)
  2 worker ant zombies
  7 adders
  A shadow imp (D:5)
  An ooze (D:3)
  An adder skeleton (D:8)
  5 worms
  2 dart slugs
  3 leopard geckos
  17 orcs
  12 bats
  5 giant cockroaches
  A gnoll zombie (Ossuary)
  17 goblins
  18 hobgoblins
  7 jackals
  11 kobolds
  2 quokkas
  A ball python (D:2)
  9 frilled lizards
  3 hobgoblin zombies (Ossuary)
  3 kobold zombies (Ossuary)
  A leopard gecko skeleton (D:6)
  A leopard gecko zombie (D:7)
  An orc zombie (Ossuary)
  A quokka skeleton (D:8)
  8 rats
207 creatures vanquished.

Vanquished Creatures (others)
  A fungus (Lair:1)
1 creature vanquished.

Grand Total: 208 creatures vanquished

Notes
Turn   | Place    | Note
-------+----------+-------------------------------------------
     0 | D:1      | AgrsvlyMoist the Gargoyle Earth Elementalist began the quest for the Orb.
     0 | D:1      | Reached XP level 1. HP: 10/10 MP: 3/3
   144 | D:1      | Reached XP level 2. HP: 15/15 MP: 1/5
   758 | D:2      | Noticed Terence
   762 | D:2      | Reached XP level 3. HP: 19/19 MP: 2/6
   816 | D:1      | Killed Terence
   816 | D:1      | Reached skill level 5 in Earth Magic
   897 | D:2      | Reached XP level 4. HP: 19/24 MP: 4/8
  1221 | D:2      | Noticed Sigmund
  1251 | D:2      | HP: 1/24 [something (6)]
  1252 | D:2      | Killed Sigmund
  1252 | D:2      | Reached XP level 5. HP: 1/28 MP: 7/10
  1252 | D:2      | Reached XP level 6. HP: 1/32 MP: 7/11
  1565 | D:2      | Learned a level 3 spell: Stone Arrow
  2416 | D:2      | Found a shattered altar of Ashenzari.
  2568 | D:3      | Noticed Robin
  2929 | D:3      | Reached skill level 1 in Conjurations
  2968 | D:3      | Killed Robin
  3107 | D:3      | Noticed AgrsvlyMoist's ghost (amateur DrCj)
  3143 | D:3      | Killed AgrsvlyMoist's ghost
  3143 | D:3      | Reached skill level 2 in Conjurations
  3643 | D:3      | Reached XP level 7. HP: 36/36 MP: 2/12
  3724 | D:3      | Found a glowing golden altar of the Shining One.
  4116 | D:4      | Noticed Grinder
  4139 | D:4      | Killed Grinder
  4139 | D:4      | Reached skill level 4 in Conjurations
  4771 | D:4      | Found a runed door.
  4870 | D:4      | Noticed Crazy Yiuf
  4874 | D:4      | Killed Crazy Yiuf
  4929 | D:5      | Entered Level 5 of the Dungeon
  4990 | D:5      | Reached skill level 5 in Conjurations
  5012 | D:5      | Found a staircase to the Ecumenical Temple.
  5016 | D:5      | Found a deep blue altar of Sif Muna.
  5022 | D:5      | Reached XP level 8. HP: 41/41 MP: 0/13
  5024 | Temple   | Entered the Ecumenical Temple
  5209 | Temple   | Became a worshipper of Vehumet
  5478 | D:5      | Found a sand-covered staircase.
  5502 | D:5      | Noticed AgrsvlyMoist's ghost (amateur DrCj)
  5504 | Ossuary  | Entered an ossuary
  5576 | Ossuary  | Reached skill level 6 in Conjurations
  6447 | D:5      | Found a snail-covered altar of Cheibriados.
  6452 | D:5      | Reached * piety under Vehumet
  6452 | D:5      | Offered knowledge of Flame Tongue by Vehumet.
  6996 | D:6      | Noticed Edmund
  7038 | D:6      | Killed Edmund
  7038 | D:6      | Reached skill level 7 in Conjurations
  7493 | D:6      | Found the +4 Vampire's Tooth {vamp}
  7828 | D:7      | Found a glowing silver altar of Zin.
  7851 | D:7      | Reached skill level 8 in Conjurations
  7851 | D:7      | Reached XP level 9. HP: 36/45 MP: 0/14
  7958 | D:7      | Offered knowledge of Shock by Vehumet.
  7963 | D:7      | Reached ** piety under Vehumet
  8529 | D:7      | Reached skill level 5 in Dodging
  8700 | D:7      | Reached skill level 9 in Conjurations
  8859 | D:8      | Noticed a hornet
  8873 | D:8      | Killed a hornet
  9123 | D:8      | Learned a level 1 spell: Shock
  9206 | D:8      | Offered knowledge of Conjure Flame by Vehumet.
  9211 | D:8      | Learned a level 3 spell: Conjure Flame
  9214 | D:8      | Learned a level 2 spell: Passwall
  9657 | D:8      | Reached skill level 5 in Stealth
  9657 | D:8      | Reached skill level 10 in Conjurations
  9897 | D:8      | Found a staircase to the Lair.
  9903 | D:8      | Reached XP level 10. HP: 27/50 MP: 2/15
 10110 | Lair:1   | Entered Level 1 of the Lair of Beasts
 10115 | Lair:1   | Noticed Gastronok
 10142 | Lair:1   | Mangled by Gastronok

Skill      XL: |  1  2  3  4  5  6  7  8  9 |
---------------+----------------------------+-----
Earth Magic    | 4 5 6 7 |  7.5
Spellcasting   | 3 |  3.5
Conjurations   | 2 5 8 10 | 10.2
Dodging        | 3 4 5 |  5.7
Stealth        | 5 |  5.3
Transmutations | |  0.7

Action                   |  1- 3 |  4- 6 |  7- 9 | 10-12 || total
-------------------------+-------+-------+-------+-------++-------
Melee: Short sword       |       |    45 |       |       ||    45
       Dagger            |       |    18 |    87 |       ||   105
       Scimitar          |       |       |    22 |     8 ||    30
Throw: Stone             |       |     5 |       |       ||     5
 Cast: Sandblast         |    30 |    59 |    74 |     4 ||   167
       Stone Arrow       |       |    45 |   144 |    11 ||   200
       Shock             |       |       |    10 |       ||    10
       Passwall          |       |       |     2 |       ||     2
Evoke: Wand              |       |       |       |     1 ||     1
  Use: Scroll            |     4 |     4 |    16 |       ||    24
       Potion            |       |     8 |     6 |     3 ||    17
  Eat: Chunk             |       |    13 |    23 |       ||    36
       Ration            |       |       |     3 |     1 ||     4
Armor: Robe              |     6 |    37 |    70 |     4 ||   117
       Skin              |       |       |       |     3 ||     3
Dodge: Dodged            |     9 |    64 |    98 |     6 ||   177
       Rpst.: Scimitar   |       |       |    10 |     1 ||    11
